 Dungeon Crawl Stone Soup version 0.27-a0-1555-g0e7b3fb1d2 (webtiles) character file.

Game seed: 1293790589765511327

27 Sin92 the Skirmisher (level 2, 0/24 HPs)
             Began as a Demonspawn Fighter on July 14, 2021.
             Succumbed to a goblin's poison
             ... on level 1 of the Dungeon.
             The game lasted 00:00:37 (916 turns).

Sin92 the Skirmisher (Demonspawn Fighter)            Turns: 916, Time: 00:00:37

Health: 0/24       AC:  6    Str: 16    XL:     2   Next: 93%
Magic:  2/2        EV:  7    Int:  9    God:
Gold:   22         SH:  8    Dex: 12    Spells: 1/1 levels left

rFire    . . .     SeeInvis .   a - +0 war axe
rCold    . . .     Faith    .   c - +0 kite shield
rNeg     . . .     Spirit   .   b - +0 scale mail
rPois    .         Reflect  .   (no helmet)
rElec    .         Harm     .   (no cloak)
rCorr    .         Rampage  .   (no gloves)
Will     .....                  (no boots)
Stlth    ..........             (no amulet)
HPRegen  0.08/turn              (no ring)
MPRegen  0.08/turn              (no ring)

@: lethally poisoned (0 -> -7)
A: demonic magic 1
a: no special abilities


You were on level 1 of the Dungeon.
You visited 1 branch of the dungeon, and saw 1 of its levels.

You collected 22 gold pieces.

Inventory:

Hand Weapons
 a - a +0 war axe (weapon)
Armour
 b - a +0 scale mail (worn)
 c - a +0 kite shield (worn)
Jewellery
 e - a +6 ring of intelligence
Scrolls
 f - a scroll of enchant armour {unknown}
Potions
 d - a potion of might


   Skills:
 + Level 3.2 Fighting
 + Level 2.1 Axes
 + Level 3.0 Armour
 + Level 0.8 Dodging
 + Level 2.9 Shields


You had one spell level left.
You didn't know any spells.
Your spell library contained the following spells:

 Spells                   Type           Power      Damage    Failure   Level
 Ignite Poison            Fire/Tmut/Pois 0%         N/A       100%        3
 Mephitic Cloud           Conj/Pois/Air  0%         N/A       100%        3
 Bolt of Magma            Conj/Fire/Erth 0%         4d4       100%        5


Dungeon Overview and Level Annotations

Branches:
Dungeon (1/15)

Altars:


Innate Abilities, Weirdness & Mutations

Spells you cast may paralyse adjacent enemies.


Message History

You closely miss the goblin.
You feel very sick. The goblin barely misses you.
The goblin hits you with a +2 dagger of venom.
A goblin is nearby!
You hit the goblin.
The goblin is severely wounded.
You feel very sick.
The goblin hits you with a +2 dagger of venom.
A goblin is nearby!
You are too injured to fight recklessly!
A goblin is nearby!
You are too injured to fight recklessly!
A goblin is nearby!
You are too injured to fight recklessly!
You are too injured to fight recklessly!
Unknown command.
You are too injured to fight recklessly!
Unknown command.
You closely miss the goblin.
The goblin is severely wounded.
You feel sick. The goblin barely misses you. You block the goblin's attack.
You closely miss the goblin.
The goblin is severely wounded.
You feel sick.
The goblin hits you with a +2 dagger of venom.
* * * LOW HITPOINT WARNING * * *
The goblin hits you but does no damage.
You are lethally poisoned!
You hit the goblin.
You kill the goblin!
* * * LOW HITPOINT WARNING * * *
You feel very sick.
Your Armour skill increases to level 3!
Unknown command.
* * * LOW HITPOINT WARNING * * *
You feel sick.
You see here a +2 dagger of venom.
Unknown command.
You die...

### #.. #.# #.# #####
######.#
#...#########...##.#
#####.#...##......#..#..
.....[>@)...............
.......###############.#
....... ##+# ######.
#... #. #... #+ #...
#... #... +..(


There were no monsters in sight!

Vanquished Creatures
  A gnoll (D:1)
  2 dart slugs (D:1)
  A giant cockroach (D:1)
  A goblin (D:1)
  4 hobgoblins (D:1)
  2 ball pythons (D:1)
  A bat (D:1)
  A rat (D:1)
13 creatures vanquished.

Notes
Turn   | Place    | Note
-------+----------+-------------------------------------------
     0 | D:1      | Sin92 the Demonspawn Fighter began the quest for the Orb.
     0 | D:1      | Reached XP level 1. HP: 18/18 MP: 1/1
   394 | D:1      | Gained mutation: Spells you cast may paralyse adjacent
                  | enemies. [demonic ancestry]
   394 | D:1      | Reached XP level 2. HP: 20/24 MP: 2/2
   586 | D:1      | Found a faded altar of an unknown god.
   915 | D:1      | HP: 1/24 [poisoned by a goblin]
   916 | D:1      | Succumbed to a goblin's poison

Illustrated notes

Levels and vault maps discovered:
D:1:      shiori_arrival_oz, layout_basic, hellmonk_ecumenical_altar_crossroads,
          chequers_serial_rivers_room_b

Skill      XL: |  1  2 |
---------------+-------+-----
Axes           | 2 |  2.1
Armour         | 3 |  3.0
Fighting       | |  3.2
Dodging        | |  0.8
Shields        | |  2.9

Action                   || total
-------------------------++-------
Melee: War axe           ||    55
Armor: Scale mail        ||    19
Dodge: Dodged            ||    20
Block: Kite shield       ||    29

Table legend: (Time is in decaauts)
 A = Elapsed time spent in this place.
 B = Non-inter-level travel time spent in this place.
 C = Inter-level travel time spent in this place.
 D = Time resting spent in this place.
 E = Time spent auto-exploring this place.
 F = Levels seen in this place.
 G = Mean time per level.
                   A        B        C        D        E       F      G
               +--------+--------+--------+--------+--------+-----+--------+
         Total |    951 |    951 |      0 |    237 |    580 |   1 |  951.0 |
       Dungeon |    951 |    951 |      0 |    237 |    580 |   1 |  951.0 |
               +--------+--------+--------+--------+--------+-----+--------+

Top non-repeatable levels by time:
     D:1: 951 daAuts
